 Dungeon Sprint DCSS version 0.17-a0-1399-gd5b76e1 (webtiles) character file.

434 Kidiri the Covert (level 6, -2/28 HPs)
             Began as a Spriggan Enchanter on June 18, 2015.
             Was an Initiate of Dithmenos.
             Killed by nerve-wracking pain
             ... invoked by a deep elf priest
              (10 damage)
             ... in the Dungeon (Sprint III: "The Ten Rune Challenge").
             The game lasted 00:04:53 (549 turns).

Kidiri the Covert (Spriggan Enchanter)               Turns: 549, Time: 00:04:53

Health: -2/28      AC:  9    Str:  4    XL:     6   Next: 67%
Magic:  13/18      EV: 23    Int: 17    God:    Dithmenos [......]
Gold:   15         SH:  0    Dex: 18    Spells: 9 memorised, 0 levels left

rFire  . . .     SeeInvis +     a - +1 dagger
rCold  . . .     Rnd*Rage +     b - +1 robe
rNeg   . . .     SustAt   .     (shield restricted)
rPois  .         Gourm    .     (helmet restricted)
rElec  .         Spirit   .     (no cloak)
rCorr  .         Warding  .     (gloves unavailable)
rMut   .         NoTele   +     (boots unavailable)
MR     +....                    (no amulet)
Stlth  ++++++....               (no ring)
                                (no ring)

@: very quick, somewhat resistant to hostile enchantments, very stealthy
A: unfitting armour, iridescent scales 1, slimy green scales 1, see invisible,
berserk 1, deterioration 1, herbivore 3, speed 3, slow metabolism 2, subdued
magic 1
a: Renounce Religion


You were in the Dungeon.
You worshipped Dithmenos.
Dithmenos was noncommittal.
You were not hungry.

You visited 1 branch You collected 15 gold pieces.

Inventory:

Hand weapons
 a - a +1 dagger (weapon)
Armour
 b - a +1 robe (worn)
Scrolls
 j - a scroll of blinking
 m - 3 scrolls of immolation {unknown}
 o - 4 scrolls of remove curse
Potions
 e - a potion of curing
 f - 2 potions of heal wounds
 g - 2 potions of haste
 h - 2 potions of magic
 i - a potion of berserk rage
 q - a potion of cure mutation
 r - a potion of flight
Books
 c - a book of Maledictions

   Spells                             Type                      Level
   a - Corona                         Hexes                        1
   b - Ensorcelled Hibernation        Hexes/Ice                    2
   c - Confuse                        Hexes                        3
   d - Tukima's Dance                 Hexes                        3
   e - Dazzling Spray                 Conjuration/Hexes            3
 l - a Grand Grimoire {highlevel, unknown}

   This book is beyond your current level of understanding.

   Spells                             Type                      Level
   a - Monstrous Menagerie            Summoning                    6
   b - Summon Greater Demon           Summoning                    7
   c - Malign Gateway                 Summoning/Translocation      7
   d - Summon Horrible Things         Summoning                    8
 n - a book of Frost

   Spells                             Type                      Level
   a - Freeze                         Ice                          1
   b - Throw Frost                    Conjuration/Ice              2
   c - Ozocubu's Armour               Charms/Ice                   3
   d - Throw Icicle                   Conjuration/Ice              4
   e - Summon Ice Beast               Ice/Summoning                4
   f - Condensation Shield            Ice                          4
Comestibles
 d - a bread ration
 k - 3 royal jellies


   Skills:
 + Level 5.2 Short Blades
 + Level 7.4 Dodging
 * Level 11.6 Stealth
 * Level 8.9 Spellcasting
 + Level 2.6 Conjurations
 + Level 6.9 Hexes
 + Level 0.0 Charms
 + Level 3.5 Ice Magic
 + Level 0.8 Invocations


You couldn't memorise any spells.
You knew the following spells:

 Your Spells              Type           Power        Failure   Level  Hunger
a - Corona                Hex            ###....      1%          1    None
b - Ensorcelled Hibernat  Hex/Ice        ###...       1%          2    None
c - Confuse               Hex            ###.....     1%          3    None
d - Tukima's Dance        Hex            ###.....     1%          3    None
e - Dazzling Spray        Conj/Hex       ###.....     1%          3    None
f - Freeze                Ice            ##..         1%          1    None
g - Throw Frost           Conj/Ice       ##....       1%          2    None
h - Ozocubu's Armour      Chrm/Ice       #.......     7%          3    None
i - Condensation Shield   Ice            ##........   13%         4    ###....


Dungeon Overview and Level Annotations

Branches:
Dungeon (1/1)

Altars:
Dithmenos
Elyvilon
Gozag
Kikubaaqudgha
Makhleb
Nemelex Xobeh
Qazlal
Ru
Sif Muna
Vehumet
Xom
Zin
The Shining One
Jiyva
Lugonu


Innate Abilities, Weirdness & Mutations

You are tiny and cannot use many weapons and most armour.
You have supernaturally acute eyesight.
You are a herbivore.
You cover ground extremely quickly.
You need consume almost no food.
You are partially covered in iridescent scales (AC +4).
You are partially covered in slimy green scales (AC +2).
You tend to lose your temper in combat.
Your body sometimes deteriorates upon taking damage.
Your spells are a little easier to cast, but a little less powerful.


Message History

Something smites you!
Casting: Corona
Confirm with . or Enter, or press ? or * to list all spells.
Aiming: Ensorcelled Hibernation
Press: ? - help, Shift-Dir - straight line, f - deep elf priest
Aim: a deep elf priest, wielding a long sword of holy wrath (chance to defeat MR: 16%)
The deep elf priest resists with almost no effort.
The deep elf priest calls down the wrath of its god upon you.
Something smites you!
* * * LOW HITPOINT WARNING * * *
Unknown command.
Casting: Ensorcelled Hibernation
Confirm with . or Enter, or press ? or * to list all spells.
Aiming: Confuse
Press: ? - help, Shift-Dir - straight line, f/p - deep elf priest
Aim: a deep elf priest, wielding a long sword of holy wrath (chance to defeat MR: 18%)
The deep elf priest resists with almost no effort.
The deep elf priest mumbles some strange prayers to its god against you.
Pain shoots through your body!
You die...

▓▓▓▓▓ ▓▓▓ #...####
##.#####
#......#####..#___#
#.......#.%#..#e@.#
##.##...#!.#..###'#+###+##
##.###..##'#..#..........#
###.##..###...'.⌠........#
#..##..####...#...######+#
...##..###....#.⌠.#__#...#
..##%..##.....#...#__#...#
.##....#......#+###__#...#
###..##.#.....#.))#__#...+


You could see a deep elf priest.

Vanquished Creatures
  A shadow (D)
  A spatial vortex (D)
  A water elemental (D)
  A wizard (D)
  A jelly (D)
  A kobold demonologist (D)
  A human (D)
  2 oozes (D)
  A phantom (D)
  2 rats (D)
12 creatures vanquished.

Vanquished Creatures (others)
  2 draconian scorchers (D)
  2 yaktaurs (D)
4 creatures vanquished.

Grand Total: 16 creatures vanquished

Notes
Turn   | Place    | Note
--------------------------------------------------------------
     0 | D        | Kidiri the Spriggan Enchanter began the quest for the Orb.
     0 | D        | Reached XP level 1. HP: 9/9 MP: 5/5
    12 | D        | Reached skill level 5 in Stealth
    15 | D        | Reached XP level 2. HP: 8/13 MP: 4/7
    23 | D        | Learned a level 2 spell: Ensorcelled Hibernation
   116 | D        | Killed a yaktaur
   223 | D        | Killed a white draconian scorcher
   229 | D        | Killed a white draconian scorcher
   237 | D        | Reached skill level 6 in Stealth
   258 | D        | Reached XP level 3. HP: 12/16 MP: 7/10
   275 | D        | Gained mutation: You are partially covered in slimy green scales (AC +2). [potion of mutation]
   275 | D        | Gained mutation: You tend to lose your temper in combat. [potion of mutation]
   275 | D        | Gained mutation: You are partially covered in iridescent scales (AC +4). [potion of mutation]
   276 | D        | Gained mutation: Your spells are a little easier to cast, but a little less powerful. [potion of mutation]
   276 | D        | Gained mutation: Your body sometimes deteriorates upon taking damage. [potion of mutation]
   342 | D        | Noticed a water elemental
   345 | D        | Killed a water elemental
   345 | D        | Reached skill level 5 in Dodging
   345 | D        | Reached skill level 8 in Stealth
   345 | D        | Reached skill level 5 in Hexes
   345 | D        | Reached skill level 1 in Ice Magic
   345 | D        | Reached XP level 4. HP: 21/21 MP: 11/13
   350 | D        | Learned a level 3 spell: Confuse
   354 | D        | Learned a level 3 spell: Tukima's Dance
   358 | D        | Learned a level 3 spell: Dazzling Spray
   368 | D        | Noticed a jelly
   369 | D        | Noticed a shadow
   387 | D        | Killed a shadow
   387 | D        | Reached skill level 10 in Stealth
   387 | D        | Reached skill level 1 in Conjurations
   387 | D        | Reached XP level 5. HP: 24/24 MP: 1/16
   444 | D        | Killed a yaktaur
   465 | D        | Killed a jelly
   465 | D        | Reached XP level 6. HP: 28/28 MP: 12/17
   472 | D        | Found a stormy altar of Qazlal.
   472 | D        | Found a sacrificial altar of Ru.
   472 | D        | Found a burning altar of Makhleb.
   472 | D        | Found a shimmering altar of Xom.
   473 | D        | Found a viscous altar of Jiyva.
   473 | D        | Found a shadowy altar of Dithmenos.
   473 | D        | Found a sparkling altar of Nemelex Xobeh.
   473 | D        | Found a corrupted altar of Lugonu.
   473 | D        | Found an opulent altar of Gozag.
   473 | D        | Noticed a spatial vortex
   476 | D        | Killed a spatial vortex
   476 | D        | Reached skill level 5 in Short Blades
   476 | D        | Reached skill level 11 in Stealth
   478 | D        | Became a worshipper of Dithmenos the Shadowed
   504 | D        | Found a radiant altar of Vehumet.
   505 | D        | Found a deep blue altar of Sif Muna.
   505 | D        | Found an ancient bone altar of Kikubaaqudgha.
   505 | D        | Noticed a wizard
   506 | D        | Killed a wizard
   516 | D        | Learned a level 1 spell: Freeze
   519 | D        | Learned a level 2 spell: Throw Frost
   523 | D        | Learned a level 3 spell: Ozocubu's Armour
   528 | D        | Learned a level 4 spell: Condensation Shield
   544 | D        | Found a glowing silver altar of Zin.
   544 | D        | Found a glowing golden altar of the Shining One.
   544 | D        | Found a white marble altar of Elyvilon.
   545 | D        | Noticed a deep elf priest
   549 | D        | Killed from afar by a deep elf priest

Vault maps used:
D:        dungeon_sprint_mu

Action                   |  1- 3 |  4- 6 || total
-------------------------+-------+-------++-------
Melee: Dagger            |    26 |    11 ||    37
 Cast: Corona            |     1 |     1 ||     2
       Ensorcelled Hiber |     2 |     1 ||     3
       Dazzling Spray    |       |     3 ||     3
       Confuse           |       |     2 ||     2
  Use: Scroll            |     4 |       ||     4
       Potion            |     2 |       ||     2
 Stab: Sleeping          |     6 |     4 ||    10
